 Dungeon Crawl Stone Soup version 0.25.1-2-g60ff931df9 (webtiles) character file.

Game seed: 7406708004827826450

148 Chiseanne the Covered (level 5, 0/40 HPs)
             Began as a Demonspawn Wanderer on Oct 1, 2020.
             Slain by a killer bee (7 damage)
             ... on level 3 of the Dungeon.
             The game lasted 00:05:21 (4846 turns).

Chiseanne the Covered (Demonspawn Wanderer)         Turns: 4846, Time: 00:05:21

Health: 0/40       AC:  5    Str: 12    XL:     5   Next: 8%
Magic:  5/5        EV: 11    Int: 20    God:
Gold:   167        SH:  0    Dex: 13    Spells: 4/4 levels left

rFire    . . .     SeeInvis .   s - +5 dagger
rCold    . . .     Gourm    .   (no shield)
rNeg     . . .     Faith    .   g - +0 ring mail
rPois    .         Spirit   .   (no helmet)
rElec    .         Reflect  .   (no cloak)
rCorr    .         Harm     .   (no gloves)
MR       .....                  (no boots)
Stlth    +.........             p - amulet of magic regeneration
HPRegen  0.13/turn              t - +6 ring of intelligence
MPRegen  0.34/turn              (no ring)

@: no status effects
A: claws 2
a: no special abilities


You were on level 3 of the Dungeon.
You were not hungry.

You visited 1 branch of the dungeon, and saw 4 of its levels.

You collected 167 gold pieces.

Inventory:

Hand Weapons
 a - a +0 quarterstaff
 s - a +5 dagger (weapon)
 w - a +2 hand crossbow
Missiles
 b - 26 bolts
 i - 121 stones (quivered)
 j - 17 sling bullets
 k - 8 javelins
 o - 46 arrows
 u - 30 poisoned darts
Armour
 g - a +0 ring mail (worn)
Jewellery
 p - an amulet of magic regeneration (around neck)
 t - a +6 ring of intelligence (left claw)
Scrolls
 c - 2 scrolls of remove curse
Potions
 d - 2 potions of curing
 e - 2 potions of flight {unknown}
 h - 3 potions of cancellation
 l - a potion of heal wounds {unknown}
 m - a potion of might {unknown}
 n - 2 potions of haste {unknown}
 q - a potion of degeneration {unknown}
 r - a potion of lignification {unknown}
Comestibles
 f - 9 rations
 v - a chunk of flesh


   Skills:
 * Level 2.9 Fighting
 - Level 1.7 Staves
 - Level 1.7 Crossbows
 - Level 1.0 Throwing
 * Level 3.0 Armour
 * Level 2.7 Dodging
 - Level 1.0 Stealth


You had 4 spell levels left.
You didn't know any spells.
Your spell library was empty.

Dungeon Overview and Level Annotations

Branches:
Dungeon (4/15)
 Temple: D:4-7

Altars:
Ashenzari
Makhleb


Innate Abilities, Weirdness & Mutations

You have very sharp fingernails.


Message History

The killer bee stings you but does no damage.
You hit the killer bee but do no damage.
The killer bee stings you but does no damage.
The killer bee stings you.
* * * LOW HITPOINT WARNING * * *
You are more poisoned.
The killer bee poisons you!
You feel better. The killer bee stings you!
* * * LOW HITPOINT WARNING * * *
The killer bee stings you.
* * * LOW HITPOINT WARNING * * *
You are lethally poisoned!
The killer bee poisons you!
You barely miss the killer bee.
* * * LOW HITPOINT WARNING * * *
You feel sick. The killer bee misses you. The killer bee barely misses you.
You feel better.
The killer bee stings you but does no damage.
The killer bee stings you!
You die...

##..##...........
#..###......##รท.. #.##
###.####.... #.#
####.##...#.. ##.#
#.......##..# #..#
#..........##
#.####>......####
#y###.........#
######@##.>......#.####
#.......#....#####.....
#.......#..### #...##
#..........# #...#
#........#.# #...##
#.......##.# #..[.)
#.......#..# ####...##
#.........### #......##
#........<..# #.##...##


You could see a killer bee.

Vanquished Creatures
  4 adders
  7 worms
  A dart slug (D:3)
  3 leopard geckos
  An orc (D:3)
  8 bats
  4 giant cockroaches
  10 goblins
  13 hobgoblins
  7 jackals
  3 quokkas
  A ball python (D:3)
  5 frilled lizards
  5 kobolds
  10 rats
82 creatures vanquished.

Notes
Turn   | Place    | Note
-------+----------+-------------------------------------------
     0 | D:1      | Chiseanne the Demonspawn Wanderer began the quest for the
                  | Orb.
     0 | D:1      | Chiseanne set off with the following items: a +2 hand
                  | crossbow, 26 bolts, a +0 quarterstaff, a potion of curing,
                  | a +0 robe, a ration
     0 | D:1      | Reached XP level 1. HP: 15/15 MP: 1/1
   363 | D:1      | Gained mutation: You have sharp fingernails. [demonic
                  | ancestry]
   363 | D:1      | Reached XP level 2. HP: 18/21 MP: 2/2
   608 | D:1      | Reached skill level 2 in Armour
  1321 | D:1      | Gained mutation: You have very sharp fingernails. [demonic
                  | ancestry]
  1321 | D:1      | Reached XP level 3. HP: 26/27 MP: 3/3
  2418 | D:2      | Found a shattered altar of Ashenzari.
  2545 | D:2      | Reached XP level 4. HP: 34/34 MP: 4/4
  4307 | D:3      | Reached skill level 3 in Armour
  4368 | D:3      | Reached XP level 5. HP: 38/40 MP: 5/5
  4612 | D:3      | Found a burning altar of Makhleb.
  4845 | D:3      | HP: 2/40 [poisoned by a killer bee]
  4846 | D:3      | Slain by a killer bee

Illustrated notes

Levels and vault maps discovered:
D:1:      wander_arrival_chamber, layout_loops_corners
D:2:      layout_basic, nicolae_overflow_crystal_walls, first_ration,
          serial_park_tiny_pond
D:3:      layout_rooms, lemuel_crystal_altar
D:4:      layout_basic

Skill      XL: |  1  2  3  4 |
---------------+-------------+-----
Armour         | 2 3 |  3.0
Fighting       | 2 |  2.9
Dodging        | 2 |  2.7
Staves         | |  1.7
Crossbows      | |  1.7
Throwing       | |  1.0
Stealth        | |  1.0

Action                   |  1- 3 |  4- 6 || total
-------------------------+-------+-------++-------
Melee: Quarterstaff      |   162 |   127 ||   289
       Dagger            |       |     3 ||     3
 Fire: Hand crossbow     |     1 |       ||     1
  Use: Scroll            |     2 |     2 ||     4
       Potion            |       |     2 ||     2
  Eat: Chunk             |     5 |     8 ||    13
Armor: Ring mail         |    85 |    60 ||   145
Dodge: Dodged            |   138 |    90 ||   228
